 Dungeon Crawl Stone Soup version 0.19.0-2-gae57169 (webtiles) character file.

608 Peloso the Skirmisher (level 7, -5/59 (60) HPs)
             Began as a Ghoul Fighter on Nov 4, 2016.
             Slain by Sigmund
             ... wielding a +2 scythe of venom
              (14 damage)
             ... on level 4 of the Dungeon.
             The game lasted 00:10:35 (3081 turns).

Peloso the Skirmisher (Ghoul Fighter)               Turns: 3081, Time: 00:10:36

HP:   -5/59 (60)    AC: 11    Str: 20    XL:     7   Next: 43%
MP:   6/6           EV:  6    Int:  3    God:
Gold: 431           SH:  9    Dex: 10    Spells: 0 memorised, 6 levels left

rFire  + . .     SeeInvis .     a - +0 long sword
rCold  + . .     Gourm    .     i - +2 chain mail {rF+}
rNeg   + + +     Faith    .     c - +0 shield
rPois  ∞         Spirit   .     (no helmet)
rElec  .         Reflect  .     (no cloak)
rCorr  .         Harm     .     (no gloves)
MR     .....                    (no boots)
Stlth  ..........               (no amulet)
                                (no ring)
                                (no ring)

@: rotting
A: rotting body, claws 1, carnivore 3, cold resistance 1, negative energy
resistance 3, slow regeneration 1, torment resistance, unbreathing
a: no special abilities


You were on level 4 of the Dungeon.
You were not hungry.

You visited 1 branch of the dungeon, and saw 4 of its levels.
You also visited: Ossuary.

You collected 431 gold pieces.

Inventory:

Hand Weapons
 a - a +0 long sword (weapon)
 h - a cursed -3 dagger
 m - a cursed -3 whip
Armour
 c - a +0 shield (worn)
 i - a +2 chain mail of fire resistance (worn)
 t - a +0 plate armour
Scrolls
 p - a scroll of identify {unknown}
 r - a scroll of immolation {unknown}
Potions
 d - a potion of might
 e - a potion of lignification {unknown}
 j - 2 potions of flight {unknown}
 k - 2 potions of agility {unknown}
 n - a potion of invisibility {unknown}
 o - a potion of heal wounds {unknown}
 q - 2 potions of mutation {unknown}
 s - a potion of curing {unknown}
Books
 g - a book of Beasts

   Spells                             Type                      Level
   a - Summon Butterflies             Summoning                    1
   b - Call Canine Familiar           Summoning                    3
   c - Summon Ice Beast               Ice/Summoning                4
   d - Summon Mana Viper              Hexes/Summoning              5
   e - Summon Hydra                   Summoning                    7
Comestibles
 b - a slice of pizza
 f - 5 meat rations
 l - 4 chunks of flesh


   Skills:
 + Level 4.7 Fighting
 + Level 4.6 Long Blades
 + Level 4.1 Armour
 + Level 1.3 Dodging
 + Level 4.0 Shields


You had 6 spell levels left.
You didn't know any spells.

Dungeon Overview and Level Annotations

Branches:
Dungeon (4/15)
 Temple: D:4-7

Altars:
Dithmenos
Fedhas
Trog
Xom

Annotations:
D:3 Apert's ghost, amateur HOFi
D:4 Sigmund


Innate Abilities, Weirdness & Mutations

Your body is rotting away.
You thrive on raw meat.
You are immune to poison.
You have sharp fingernails.
You are carnivorous and can eat meat at any time.
Your flesh is cold resistant. (rC+)
You are immune to negative energy. (rN+++)
You regenerate slowly when monsters are visible.
You are immune to unholy pain and torment.
You can survive without breathing.


Message History

You block something's attack.
You miss something.
Your chain mail prevents you from hitting something.
Something hits you but does no damage.
You slash something! Something hits you!!
You hit something but do no damage. Something hits you!
You miss something. Something hits you but does no damage.
You closely miss something. Something hits you!
* * * LOW HITPOINT WARNING * * *
You miss something. You miss something. Something hits you but does no damage.
You miss something. Something completely misses you.
Your chain mail prevents you from hitting something.
You block something's attack.
You hit something. Something hits you.
* * * LOW HITPOINT WARNING * * *
You slash something! Something hits you but does no damage.
You closely miss something. You hit something. Something hits you!
You die...

.## #.#
#.#.#######******** .#
#.# #.#.# .# #.# #.#<#
.# #.# #.#.# .# #.#
#.#.######## .#####.#
#..........# .......#
###........# ..######
##.##{##.#############
..#
#,*#@##.............#
..#
*,*#.##.###########.#
..# *,*#.##.# #.# #.#
#....##.# #.# #.#
#..####.# #.# ..#
#..##*#.# #.# ###
#....,#.#### #.#
#..>.,#....# #.#
#*...,####.# #.#


There were no monsters in sight!

Vanquished Creatures
  Edmund (D:4)
  An eye of draining (D:4)
  An elf zombie (Ossuary)
  2 centaur zombies (Ossuary)
  A bullfrog skeleton (D:4)
  A worker ant (D:4)
  2 big kobold zombies (Ossuary)
  2 mummies (Ossuary)
  3 gnolls (D:2)
  4 adders
  2 worms
  4 dart slugs
  3 leopard geckos
  8 orcs (D:4)
  2 giant cockroaches
  5 goblins
  6 hobgoblins
  2 jackals (D:1)
  2 quokkas
  9 bats
  5 frilled lizards
  A gnoll zombie (Ossuary)
  2 goblin zombies (Ossuary)
  3 hobgoblin zombies (Ossuary)
  4 kobolds
  3 orc zombies (Ossuary)
  8 rats
87 creatures vanquished.

Notes
Turn   | Place    | Note
-------+----------+-------------------------------------------
     0 | D:1      | Peloso the Ghoul Fighter began the quest for the Orb.
     0 | D:1      | Reached XP level 1. HP: 19/19 MP: 0/0
    86 | D:1      | Reached XP level 2. HP: 26/26 MP: 1/1
   359 | D:1      | Reached XP level 3. HP: 30/32 MP: 2/2
   619 | D:2      | Reached skill level 1 in Dodging
   619 | D:2      | Reached XP level 4. HP: 2/40 MP: 3/3
   697 | D:2      | Found a shadowy altar of Dithmenos.
  1278 | D:3      | Noticed Apert's ghost (amateur HOFi)
  1490 | D:3      | Found a shimmering altar of Xom.
  1636 | D:3      | Reached XP level 5. HP: 43/45 MP: 4/4
  1651 | D:3      | Found a blossoming altar of Fedhas.
  1792 | D:4      | Found a sand-covered staircase.
  1800 | Ossuary  | Entered an ossuary
  1870 | Ossuary  | Reached XP level 6. HP: 26/52 MP: 5/5
  2806 | D:4      | Found a bloodstained altar of Trog.
  2807 | D:4      | Noticed an eye of draining
  2835 | D:4      | Killed an eye of draining
  2835 | D:4      | Reached XP level 7. HP: 55/60 MP: 0/6
  2929 | D:4      | Noticed Edmund
  2984 | D:4      | Killed Edmund
  3057 | D:4      | Noticed Sigmund
  3081 | D:4      | Slain by Sigmund

Skill      XL: |  1  2  3  4  5  6  7 |
---------------+----------------------+-----
Shields        | 3 4 |  4.0
Long Blades    | 2 3 4 |  4.6
Armour         | 3 4 |  4.1
Dodging        | 1 |  1.3
Fighting       | 4 |  4.7

Action                   |  1- 3 |  4- 6 |  7- 9 || total
-------------------------+-------+-------+-------++-------
Melee: Long sword        |    96 |   282 |    87 ||   465
  Use: Scroll            |       |     5 |       ||     5
  Eat: Chunk             |     4 |    14 |     4 ||    22
Armor: Scale mail        |    74 |    48 |       ||   122
       Chain mail        |       |    94 |    34 ||   128
Dodge: Dodged            |    48 |    84 |    10 ||   142
Block: Shield            |    60 |   133 |    28 ||   221
       Rpst.: Long sword |    17 |    32 |     5 ||    54
